 Dungeon Crawl Stone Soup version 0.28.0 (webtiles) character file.

Game seed: 15045129591471376702

117 diecastcamel the Chopper (level 4, -6/61 HPs)
             Began as a Minotaur Berserker on Feb 12, 2022.
             Was a Believer of Trog.
             Mangled by an ogre (14 damage)
             ... on level 3 of the Dungeon.
             The game lasted 00:09:42 (3029 turns).

diecastcamel the Chopper (Minotaur Berserker)       Turns: 3029, Time: 00:09:42

Health: -6/61      AC: 22    Str: 23    XL:     4   Next: 71%
Magic:  3/3        EV:  2    Int:  4    God:    Trog [**....]
Gold:   259        SH:  0    Dex: 10    Spells: 3/3 levels left

rFire   . . .      SeeInvis .   a - +0 hand axe
rCold   . . .      Faith    .   (no shield)
rNeg    . . .      Spirit   .   (armour currently unavailable)
rPois   +          Reflect  .   (helmet currently unavailable)
rElec   .          Harm     .   (cloak currently unavailable)
rCorr   .          Rampage  .   (gloves currently unavailable)
Will    .....      NoTele   +   (boots currently unavailable)
Stlth   +.........              (no amulet)
HPRegen 0.20/turn               (no ring)
MPRegen 0.08/turn               (no ring)

@: tree-form, on berserk cooldown, slowed, very slow
A: stationary, stasis, torment immunity, boosted hp, (horns 2), (retaliatory
headbutt)
a: Renounce Religion, Berserk, Trog's Hand


You were on level 3 of the Dungeon.
You worshipped Trog.
Trog was pleased with you.
You were a tree.
You visited 1 branch of the dungeon, and saw 3 of its levels.

You collected 259 gold pieces.

Inventory:

Hand Weapons
 a - a +0 hand axe (weapon)
 h - a +0 flail
Missiles
 d - 18 stones (quivered)
Armour
 c - a +0 scale mail (melded)
Jewellery
 f - an amulet of magic regeneration
Potions
 e - a potion of mutation {unknown}
 j - a potion of heal wounds {unknown}


   Skills:
 + Level 4.4 Fighting
 * Level 5.0 Axes
 + Level 3.4 Armour
 + Level 3.1 Dodging


You had 3 spell levels left.
You didn't know any spells.
Your spell library was empty.

Dungeon Overview and Level Annotations

Branches:
Dungeon (3/15)

Altars:


Innate Abilities, Weirdness & Mutations

You are a tree.
Your roots penetrate the ground, keeping you stationary.
You cannot be teleported.
You are immune to unholy pain and torment.
Your maximum health is greatly increased.
Your equipment is partially melded.
((You have a pair of horns on your head.))
((You reflexively headbutt those who attack you in melee.))


Message History

You slash the adder!
You kill the adder!
Trog accepts your kill.
Your Axes skill increases to level 5!
No target in view!
You see here an adder corpse.
An ogre comes into view. It is wielding a +0 giant club.
The ogre shouts!
You see here an adder corpse.
A red film seems to cover your vision as you go berserk!
You feel yourself moving faster!
You feel mighty!
You are too berserk!
You are too berserk!
You feel a strong urge to attack something.
You feel your anger nearly subside.
You are no longer berserk.
You are exhausted.
You feel yourself slow down.
You open the door. The ogre hits you with a +0 giant club!
There is an open door, spattered with blood here.
Really quaff the potion of lignification?
You turn into a tree.
Your +0 scale mail melds into your body.
Your roots penetrate the ground.
The ogre hits you with a +0 giant club!
You hit the ogre.
The ogre is lightly wounded.
The ogre hits you but does no damage.
You barely miss the ogre.
The ogre is lightly wounded.
The ogre hits you with a +0 giant club.
You closely miss the ogre.
The ogre is lightly wounded.
The ogre hits you but does no damage.
You hit the ogre but do no damage. The ogre hits you with a +0 giant club.
The ogre hits you with a +0 giant club!!
* * * LOW HITPOINT WARNING * * *
You hit the ogre but do no damage. The ogre hits you but does no damage.
You barely miss the ogre. The ogre hits you with a +0 giant club!
You die...

##.# ##.....## #####.##.## ##..#
##.......###.......#..
#####...####.........##.#...<###.
...........'.........)........#.#
#.###...####.........##.#......##
#.####..# ##..<....###.##.....##
#.#.....# ##.....## #.###...###
#.#.##.## ##...## #.# #...# #
#.#.##.# ##♣## #.###...###
#.#.##.# #O######..........
#......# ####.#...######.#####
###.#### #........# #.# #.#
#.#......# #.# #.# #.......## #.#
#.# #.#...#.#######.#
#.#########.##.##.........#
#...........##.############


You could see an ogre.

Vanquished Creatures
  3 gnolls (D:2)
  4 adders
  5 ball pythons
  4 endoplasms
  2 giant cockroaches (D:2)
  5 goblins
  4 hobgoblins
  3 jackals (D:2)
  2 quokkas (D:2)
  10 bats
  3 frilled lizards
  2 kobolds
  6 rats
53 creatures vanquished.

Vanquished Creatures (others)
  3 toadstools (D:1)
3 creatures vanquished.

Grand Total: 56 creatures vanquished

Notes
Turn   | Place    | Note
-------+----------+-------------------------------------------
     0 | D:1      | diecastcamel the Minotaur Berserker began the quest for the
                  | Orb.
     0 | D:1      | Reached XP level 1. HP: 19/19 MP: 0/0
   291 | D:1      | Found a faded altar of an unknown god.
   353 | D:1      | Reached XP level 2. HP: 27/27 MP: 1/1
   427 | D:1      | You fall into a shaft and drop 1 floor!
   697 | D:1      | Reached skill level 4 in Axes
  1326 | D:2      | Reached XP level 3. HP: 27/33 MP: 2/2
  1471 | D:2      | Reached ** piety under Trog
  2120 | D:2      | Reached XP level 4. HP: 40/40 MP: 3/3
  2996 | D:3      | Reached skill level 5 in Axes
  3002 | D:3      | Noticed an ogre
  3029 | D:3      | Mangled by an ogre

Illustrated notes

Levels and vault maps discovered:
D:1:      erik_arrival_cave_to_civilisation [erik_arrival_cave_to_temple],
          layout_basic, basic_ecumenical_altar, minmay_gold_behind_fungi
D:2:      layout_basic
D:3:      layout_loops_corners

Skill      XL: |  1  2  3  4 |
---------------+-------------+-----
Axes           | 4 5 |  5.0
Fighting       | 4 |  4.4
Armour         | 3 |  3.4
Dodging        | 3 |  3.1

Action                   |  1- 3 |  4- 6 || total
-------------------------+-------+-------++-------
Melee: Hand axe          |    94 |    25 ||   119
       Headbutt          |     8 |     1 ||     9
       Punch             |     2 |     1 ||     3
Invok: Berserk           |     1 |     1 ||     2
  Use: Scroll            |       |     3 ||     3
       Potion            |       |     1 ||     1
Armor: Scale mail        |    45 |     8 ||    53
       Skin              |       |     3 ||     3
Dodge: Dodged            |    76 |    12 ||    88
